 Dungeon Crawl Stone Soup version 0.27.1-2-g3b301248ec (webtiles) character file.

Game seed: 8627575572308600984

7 babuloseo the Sneak (level 2, -3/19 HPs)
             Began as an Octopode Brigand on Sept 25, 2021.
             Slain by a goblin (6 damage)
             ... led by Robin
             ... on level 2 of the Dungeon.
             The game lasted 00:00:17 (314 turns).

babuloseo the Sneak (Octopode Brigand)               Turns: 314, Time: 00:00:17

Health: -3/19      AC:  1    Str: 10    XL:     2   Next: 4%
Magic:  2/2        EV: 12    Int: 13    God:
Gold:   5          SH:  0    Dex: 13    Spells: 1/1 levels left

rFire    . . .     SeeInvis .   a - +2 dagger
rCold    . . .     Faith    .   (no shield)
rNeg     . . .     Spirit   .   (helmet restricted)
rPois    .         Reflect  .   (no amulet)
rElec    .         Harm     .   (no ring)
rCorr    .         Rampage  .   (no ring)
Will     .....                  (no ring)
Stlth    ++++......             (no ring)
HPRegen  0.06/turn              (no ring)
MPRegen  0.08/turn              (no ring)
                                (no ring)
                                (no ring)

@: no status effects
A: almost no armour, amphibious, 8 rings, camouflage 1, gelatinous body 1,
(nimble swimmer 1), tentacles
a: no special abilities


You were on level 2 of the Dungeon.
You visited 1 branch of the dungeon, and saw 2 of its levels.

You collected 5 gold pieces.

Inventory:

Hand Weapons
 a - a +2 dagger (weapon)
Missiles
 b - 8 poisoned darts (quivered)
 c - 2 curare-tipped darts


   Skills:
 + Level 2.0 Fighting
 + Level 2.0 Short Blades
 + Level 2.0 Throwing
 + Level 1.0 Dodging
 + Level 6.0 Stealth


You had one spell level left.
You didn't know any spells.
Your spell library was empty.

Dungeon Overview and Level Annotations

Branches:
Dungeon (2/15)

Altars:

Annotations:
D:2 Robin


Innate Abilities, Weirdness & Mutations

You cannot wear most types of armour.
You are amphibious.
You can wear up to eight rings at the same time.
Your skin changes colour to match your surroundings (Stealth+).
Your rubbery body absorbs attacks. (AC +1, EV +1)
((You are camouflaged near water. (Stealth+)))
You have tentacles for arms and can constrict up to eight enemies at once.


Message History

You start resting.
HP restored.
A bat comes into view.
Found 14 sling bullets.
A bat is nearby! 3 goblins come into view.
A goblin and Robin come into view.
A goblin and 2 hobgoblins come into view.
The goblin shouts! x2; Robin shouts!
The hobgoblin shouts!
You hear a shout! x4
The bat hits you.
A goblin comes into view. It is wielding a +0 dagger.
Robin throws the goblin at you!
A goblin comes into view. It is wielding a +0 dagger.
The hobgoblin shouts!
You hit the bat but do no damage. Your grab misses the bat.
The bat closely misses you. Robin throws the goblin at you!
The goblin closely misses you. The goblin hits you with a +0 dagger.
You closely miss the goblin. Your grab misses the goblin.
The bat hits you but does no damage. The goblin hits you with a +0 club.
The goblin hits you with a +0 dagger.
Robin roars a battlecry!
The goblins go into a battle-frenzy!
The goblin hits you with a +0 dagger.
A kobold comes into view. It is wielding a +0 dagger.
You are too injured to fight recklessly!
You are too injured to fight recklessly!
You are too injured to fight recklessly!
You are too injured to fight recklessly!
You are too injured to fight recklessly!
You are too injured to fight recklessly!
You are too injured to fight recklessly!
The goblin completely misses you.
A goblin comes into view. It is wielding a +0 dagger.
The goblin hits you with a +0 dagger.
* * * LOW HITPOINT WARNING * * *
The bat hits you.
* * * LOW HITPOINT WARNING * * *
You closely miss the goblin. Your grab misses the goblin. The bat misses you.
The goblin hits you with a +0 club.
You die...

#.#..# ##.#..# .g..
..<#..# ..K# ###
##.#..### #g.# ....
#.#.... #gg#....#
#.##.###########.g#....#
#..............gg......
###..#.###### #gg..#..##
#...#...######@.g.....#
#............#g#b....##
........................
......##...###.#.#.#..###
......##...# #.#.#.#....
###..####### #.#.#.# .###
..... ......# . ##.
....#.# .# #(...#


You could see Robin, 2 hobgoblins, 8 goblins, a bat and a kobold.

Vanquished Creatures
  A worm (D:2)
  A giant cockroach (D:1)
  A goblin (D:1)
  A hobgoblin (D:1)
4 creatures vanquished.

Notes
Turn   | Place    | Note
-------+----------+-------------------------------------------
     0 | D:1      | babuloseo the Octopode Brigand began the quest for the Orb.
     0 | D:1      | Reached XP level 1. HP: 14/14 MP: 1/1
    56 | D:2      | Reached skill level 6 in Stealth
    56 | D:2      | Reached XP level 2. HP: 4/19 MP: 2/2
   309 | D:2      | Noticed Robin
   314 | D:2      | Slain by a goblin

Illustrated notes

Levels and vault maps discovered:
D:1:      tarquinn_simple_flora_water_a, layout_basic,
          ebering_ecumenical_altar_mist
D:2:      layout_basic, minmay_misc_feat_more_columns, uniq_robin

Skill      XL: |  1 |
---------------+----+-----
Stealth        | 6 |  6.0
Fighting       | |  2.0
Short Blades   | |  2.0
Throwing       | |  2.0
Dodging        | |  1.0

Action                   || total
-------------------------++-------
Melee: Dagger            ||    10
       Constrict         ||     1
 Stab: Sleeping          ||     3
Armor: Skin              ||     1
Dodge: Dodged            ||     4
